 Dungeon Crawl Stone Soup version 0.19.5 (webtiles) character file.

84 b0b the Grave Robber (level 4, -2/30 HPs)
             Began as a Human Necromancer on Apr 13, 2017.
             Slain by an ogre
             ... wielding a +0 giant spiked club
              (24 damage)
             ... on level 4 of the Dungeon.
             The game lasted 00:14:39 (2164 turns).

b0b the Grave Robber (Human Necromancer)            Turns: 2164, Time: 00:14:39

Health: -2/30      AC:  3    Str:  9    XL:     4   Next: 74%
Magic:  1/8        EV: 12    Int: 16    God:
Gold:   113        SH:  0    Dex: 13    Spells: 2 memorised, 7 levels left

rFire  . . .     SeeInvis .     l - +0 dagger
rCold  . . .     Gourm    .     a - +1 robe
rNeg   . . .     Faith    .     (no shield)
rPois  .         Spirit   .     (no helmet)
rElec  .         Reflect  .     (no cloak)
rCorr  .         Harm     .     (no gloves)
MR     .....                    (no boots)
Stlth  ++........               (no amulet)
                                (no ring)
                                (no ring)

@: no status effects
A: no striking features
a: no special abilities


You were on level 4 of the Dungeon.
You were not hungry.

You visited 1 branch of the dungeon, and saw 4 of its levels.

You collected 113 gold pieces.

Inventory:

Hand Weapons
 l - a +0 dagger (weapon)
Missiles
 e - 25 bolts (quivered)
 f - 20 arrows
Armour
 a - a +1 robe (worn)
Scrolls
 i - 4 scrolls of remove curse
 j - a scroll of blinking {unknown}
 k - a scroll of enchant weapon {unknown}
Potions
 h - a potion of flight {unknown}
 m - a potion of curing {unknown}
 n - a potion of ambrosia {unknown}
 o - a potion of mutation {unknown}
Books
 b - a book of Necromancy

   Spells                             Type                      Level
   a - Pain                           Necromancy                   1
   b - Animate Skeleton               Necromancy                   1
   c - Vampiric Draining              Necromancy                   3
   d - Regeneration                   Charms/Necromancy            3
   e - Animate Dead                   Necromancy                   4
   f - Control Undead                 Necromancy                   4
Comestibles
 c - 2 bread rations
 d - a meat ration
 g - 2 slices of pizza


   Skills:
 + Level 0.2 Fighting
 + Level 2.0 Dodging
 + Level 2.4 Stealth
 + Level 0.2 Unarmed Combat
 + Level 3.0 Spellcasting
 + Level 4.9 Necromancy


You had 7 spell levels left.
You knew the following spells:

 Your Spells              Type           Power        Failure   Level  Hunger
a - Pain                  Necr           ###.         2%          1    #......
b - Animate Skeleton      Necr           N/A          2%          1    #......


Dungeon Overview and Level Annotations

Branches:
Dungeon (4/15)
 Temple: D:4-7

Altars:
Sif Muna

Shops:
D:4 !


Message History

The ogre writhes in agony!
Casting: Pain
Confirm with . or Enter, or press ? or * to list all spells.
Aiming: Pain
Press: ? - help, Shift-Dir - straight line, f/p - ogre
Aim: an ogre, wielding a giant spiked club (heavily wounded, chance to defeat MR: 78%)
The ogre writhes in agony!
The ogre misses you.
Casting: Pain
Confirm with . or Enter, or press ? or * to list all spells.
Aiming: Pain
Press: ? - help, Shift-Dir - straight line, f/p - ogre
Aim: an ogre, wielding a giant spiked club (severely wounded, chance to defeat MR: 78%)
The ogre writhes in agony!
The ogre misses you.
You hit the ogre but do no damage.
The ogre is severely wounded.
Wield which item (- for none, * to show all)? (? for menu, Esc to quit)
l - a +0 dagger (weapon)
The ogre hits you with a giant spiked club!!
Ouch! That really hurt!
You die...

.................
.............#.#.
.................
......###'##.#...
......#..........
......#......#>..
......#..........
..... #...##.#.#.
.... #..@# .....
#..O.# ....
#....+ ....
#...## ##. #...#
#...# .#.## ...∩


You could see an ogre.

Vanquished Creatures
  5 adders
  3 leopard geckos
  An orc (D:4)
  A giant cockroach (D:1)
  7 goblins
  4 hobgoblins
  A jackal (D:2)
  2 quokkas
  5 bats
  A frilled lizard (D:2)
  A rat (D:1)
31 creatures vanquished.

Vanquished Creatures (collateral kills)
  2 jackals (D:2)
  A rat (D:2)
3 creatures vanquished.

Grand Total: 34 creatures vanquished

Notes
Turn   | Place    | Note
-------+----------+-------------------------------------------
     0 | D:1      | b0b the Human Necromancer began the quest for the Orb.
     0 | D:1      | Reached XP level 1. HP: 13/13 MP: 3/3
    39 | D:1      | Learned a level 1 spell: Animate Skeleton
   374 | D:1      | Reached XP level 2. HP: 19/19 MP: 3/5
   875 | D:2      | Reached XP level 3. HP: 18/24 MP: 1/6
  1576 | D:2      | Reached XP level 4. HP: 24/30 MP: 3/8
  2007 | D:3      | Found a deep blue altar of Sif Muna.
  2156 | D:4      | Noticed an ogre
  2157 | D:4      | Found Giuvu's Distillery.
  2164 | D:4      | Slain by an ogre

Skill      XL: |  1  2  3  4 |
---------------+-------------+-----
Spellcasting   | 3 |  3.0
Fighting       | |  0.2
Dodging        | |  2.0
Stealth        | |  2.4
Unarmed Combat | |  0.2
Necromancy     | |  4.9

Action                   |  1- 3 |  4- 6 || total
-------------------------+-------+-------++-------
Melee: Unarmed           |    13 |     2 ||    15
 Cast: Pain              |    43 |    33 ||    76
       Animate Skeleton  |     1 |       ||     1
  Use: Scroll            |     2 |     1 ||     3
  Eat: Bread ration      |     1 |       ||     1
Armor: Robe              |    11 |     1 ||    12
Dodge: Dodged            |    25 |    16 ||    41
